[Event "Late-Titled-Tuesday-Blitz-January-23-2024"]
[Site "Chess.com"]
[Date "2024.01.23"]
[Round "11"]
[White "mightysmasher"]
[Black "djano"]
[Result "0-1"]
[WhiteElo "2572"]
[BlackElo "2709"]
[TimeControl "180+1"]
[EndTime "16:02:54 PST"]
[Termination "djano won by checkmate"]

1. e4 c5 2. c3 d5 3. exd5 Nf6 4. Bb5+ Nbd7 5. Nf3 Nxd5 6. O-O e6 7. d4 cxd4 8. Nxd4 Be7 9. Bd2 O-O 10. Bd3 Bf6 11. Nf3 Nc5 12. Bc2 b6 13. Na3 Ba6 14. Re1 Nd3 15.
Bxd3 Bxd3 16. Ne5 Bf5 17. Nac4 Qc7 18. Qe2 b5 19. Na3 a6 20. h3 h6 21. Ng4 Be7 22.
Rad1 Bxa3 23. bxa3 Nxc3 24. Bxc3 Qxc3 25. Ne3 Bh7 26.
a4 bxa4 27. Qg4 a3 28. Qg3 Rad8 29. Qh4 Rxd1 30. Rxd1 Qb2 31. Rd8 Qc1+ 32. Rd1 Qc7 33.
Qb4 Rd8 34. Rxd8+ Qxd8 35. Qxa3 Qb6 36. Qe7 Bg6 37. a3 a5 38. Ng4 Qb1+ 39. Kh2 Qf5 40. Kg1 Kh7 41. Ne3 Qe5 42. Ng4 Qe1+ 43. Kh2 h5 44. Qh4 Qe4 45. g3 Qf5 46. Kg1 Qb1+ 47. Kh2 Qb2 48. Kg1 Qxa3 49. Ne5 Qa1+ 50. Kh2 Qxe5 51. f4 Qe2+ 52. Kg1 Qe1+ 53. Kg2 Be4+ 54.
Kh2 Qh1# 0-1

[Event "Late-Titled-Tuesday-Blitz-January-23-2024"]
[Site "Chess.com"]
[Date "2024.01.23"]
[Round "11"]
[White "cristiano78"]
[Black "SergioMoralesG"]
[Result "1-0"]
[WhiteElo "2255"]
[BlackElo "2433"]
[TimeControl "180+1"]
[EndTime "16:02:54 PST"]
[Termination "cristiano78 won by checkmate"]

1. d4 d5 2. c4 c6 3. Nf3 Nf6 4.
Nc3 e6 5. Bg5 h6 6. Bxf6 Qxf6 7.
e3 Nd7 8. Rc1 g6 9. Be2 dxc4 10.
Bxc4 Qe7 11. O-O Bg7 12. a3 a5 13. Ne4 O-O 14. Qe2 Nb6 15. Ba2 Bd7 16. Nc5 Bc8 17. Rfd1 Nd5 18. g3 b6 19. Na4 Ba6 20. Qd2 Rab8 21.
Nc3 Nf6 22. Ne5 Bb7 23. Na4 c5 24. Nxb6 Ne4 25. Qe2 Bxe5 26. dxe5 Qc7 27. Nd7 Qc6 28. f3 Ng5 29. e4 Ba6 30. Qe3 Rxb2 31. Nxf8 Nh3+ 32.
Kh1 Nf2+ 33. Kg1 Nh3+ 34. Kh1 Nf2+ 35. Kg1 Nxd1 36. Rxd1 Rxa2 37. Qxh6 Qb6 38. Nh7 c4+ 39. Kh1 f5 40. Nf6+ Kf7 41. Rd7# 1-0

[Event "Late-Titled-Tuesday-Blitz-January-23-2024"]
[Site "Chess.com"]
[Date "2024.01.23"]
[Round "11"]
[White "yobdc"]
[Black "Brown_Mamba24"]
[Result "1-0"]
[WhiteElo "2560"]
[BlackElo "2637"]
[TimeControl "180+1"]
[EndTime "16:02:56 PST"]
[Termination "yobdc won by resignation"]

1. d4 Nf6 2. c4 g6 3. Nc3 Bg7 4. e4 d6 5. Nf3 O-O 6. Be2 e5 7. d5 a5 8. Bg5 h6 9. Bh4 g5 10. Bg3 Nh5 11. Nd2 Nf4 12. O-O f5 13. exf5 Nd7 14. Nde4 Nf6 15. Nxf6+ Qxf6 16. Bg4 h5 17. Bxh5 Nxh5 18. Qxh5 Bxf5 19. Qe2 Qg6 20. Rfe1 Bd3 21. Qd2 e4 22. Rac1 Rae8 23. Nb5 Rf7 24. Qxa5 Bxb2 25.
Nxc7 Rc8 26. Ne6 Bxc1 27. Rxc1 e3 28. fxe3 Rxc4 29. Re1 Rc8 30. h3 Qf5 31. Kh2 Be4 32.
Rd1 Rc2 33. Qd8+ Kh7 34. Rg1 g4 35. Ng5+ Kg6 36. Nxf7 gxh3 37. Qg8+ Kf6 38. Nh6 Rxg2+ 39. Rxg2 Bxg2 40. Nxf5 Kxf5 41. Qf8+ Ke4 42. Qxd6 Kd3 43. Qe5 Be4 44. d6 1-0

[Event "Late-Titled-Tuesday-Blitz-January-23-2024"]
[Site "Chess.com"]
[Date "2024.01.23"]
[Round "11"]
[White "Doomfist26"]
[Black "DavidGavrilescu18"]
[Result "0-1"]
[WhiteElo "2626"]
[BlackElo "2811"]
[TimeControl "180+1"]
[EndTime "16:02:59 PST"]
[Termination "DavidGavrilescu18 won by resignation"]

1. e4 Nc6 2. Nf3 Rb8 3. d4 e6 4. d5 exd5 5. exd5 Nce7 6. c4 Nf6 7. Bd3 g6 8. b3 Bg7 9. Bb2 O-O 10. O-O d6 11. Nbd2 c6 12. dxc6 bxc6 13. Re1 a5 14. Qc2 c5 15. Bc3 Nc6 16. Qb2 Nb4 17. Bb1 d5 18. Be5 Nc6 19. Bxb8 Nd7 20. Be5 Ndxe5 21. Nxe5 Nxe5 22. Rxe5 dxc4 23. f4 Re8 24. Be4 Bxe5 25. fxe5 Qg5 26. Nxc4 Be6 27. Bc6 Rd8 28. Rf1 a4 29.
Nd6 axb3 30. axb3 Rb8 31. Ba4 Qe3+ 32. Kh1 c4 33. Qc2 cxb3 34. Qc7 Rf8 35. Ne8 b2 36. Nf6+ Kg7 37. Qc2 Qxe5 38. Ne4 Bf5 39. Qc3 Qxc3 40. Nxc3 Rc8 41. Nb1 Rc1 42. Bb5 Bxb1 0-1

[Event "Late-Titled-Tuesday-Blitz-January-23-2024"]
[Site "Chess.com"]
[Date "2024.01.23"]
[Round "11"]
[White "ritanovikova"]
[Black "Felix-Rose"]
[Result "0-1"]
[WhiteElo "2192"]
[BlackElo "2330"]
[TimeControl "180+1"]
[EndTime "16:03:02 PST"]
[Termination "Felix-Rose won by resignation"]

1. e4 e5 2. Nf3 Nc6 3. Bc4 Nf6 4.
O-O Bc5 5. c3 d6 6. d4 Bb6 7.
Re1 O-O 8. h3 h6 9. b4 exd4 10.
Nxd4 Bxd4 11. cxd4 Nxb4 12. Qb3 Nc6 13. Qd3 Re8 14.
Bb5 Bd7 15. Bb2 a6 16. Ba4 d5 17. e5 Ne4 18. Bb3 Be6 19. f3 Ng3 20. Kh2 Qh4 21.
Nd2 Nf5 22. Qc2 Qg3+ 23. Kh1 Nfxd4 24. Bxd4 Nxd4 25. Qd3 c5 26. Nf1 Qh4 27. Qe3 Nf5 28. Qd2 c4 29. Bc2 Ng3+ 30. Nxg3 Qxg3 31. Rab1 b5 32.
a4 Rab8 33. axb5 axb5 34. Qd4 Bxh3 35. Re2 Be6 36. Rbe1 b4 37. f4 b3 38. Bb1 c3 39.
f5 Bxf5 40. Bxf5 c2 41. Bxc2 bxc2 42. Rxc2 Qxe1+ 43. Kh2 Qxe5+ 44. Qxe5 Rxe5 45. Kg3 Rd8 46. Kf4 f6 47. g4 d4 48. Rd2 d3 49. Kf3 Re2 50. Rxd3 Rxd3+ 51. Kxe2 Rg3 52. Kf2 Rxg4 53. Kf3 h5 0-1

[Event "Late-Titled-Tuesday-Blitz-January-23-2024"]
[Site "Chess.com"]
[Date "2024.01.23"]
[Round "11"]
[White "DeArron_Fox"]
[Black "MokshanovAlexey"]
[Result "0-1"]
[WhiteElo "2465"]
[BlackElo "2650"]
[TimeControl "180+1"]
[EndTime "16:03:04 PST"]
[Termination "MokshanovAlexey won by checkmate"]

1. d4 d5 2. c4 e6 3. Nc3 Nf6 4. cxd5 exd5 5. Bg5 Be7 6. e3 O-O 7. Bd3 c6 8. Qc2 Nbd7 9. Nf3 Re8 10. O-O Nf8 11. Ne5 N6d7 12. Bxe7 Qxe7 13. Nxd7 Bxd7 14. Rae1 Qg5 15. f3 Rac8 16. Qf2 Qf6 17. e4 dxe4 18. fxe4 Qxf2+ 19. Kxf2 c5 20. d5 Ng6 21. Bb1 b5 22.
Rd1 b4 23. Ne2 Bb5 24. Rfe1 Bxe2 25. Rxe2 Ne5 26. Bc2 Red8 27. b3 Kf8 28. Bd3 Ke7 29. Bb5 Kd6 30. h3 Rb8 31. Ba4 Rb6 32. Ke3 Ra6 33.
Rc2 Rb8 34. Rdc1 Ra5 35. Rd1 f6 36. g4 c4 37. Kf4 c3 38. h4 Rf8 39. g5 fxg5+ 40.
Kxg5 Rc5 41. h5 Rc7 42. Kh4 Rf4+ 43. Kg3 Rcf7 44. Kh3 Rg4 45. Re1 Rf3+ 46. Kh2 Rg5 47. Ree2 Rf4 48. Rg2 Nf3+ 49. Kh3 Rh4# 0-1

[Event "Late-Titled-Tuesday-Blitz-January-23-2024"]
[Site "Chess.com"]
[Date "2024.01.23"]
[Round "11"]
[White "OPQRC"]
[Black "DonJuan_34"]
[Result "0-1"]
[WhiteElo "2523"]
[BlackElo "2414"]
[TimeControl "180+1"]
[EndTime "16:03:05 PST"]
[Termination "DonJuan_34 won by resignation"]

1. e4 e6 2. Qe2 e5 3. Nc3 Nc6 4. Nf3 d6 5. g3 Bg4 6. Bg2 Nd4 7. Qd3 Bxf3 8. Bxf3 Nxf3+ 9. Qxf3 Nf6 10. O-O Be7 11. d3 O-O 12. Bg5 Nd7 13. Bxe7 Qxe7 14.
Nd5 Qd8 15. c3 Nf6 16. Nxf6+ Qxf6 17. Qxf6 gxf6 18. Kg2 c6 19. Kf3 d5 20. Rad1 Rad8 21. Kg4 Rd6 22. exd5 Rxd5 23. Kf5 Kg7 24. Ke4 Re8 25.
Rfe1 Kg6 26. g4 Kg5 27. h4+ Kg6 28. Re3 Red8 29. Rg1 a5 30. Rf3 h6 31. Rgg3 a4 32.
Rf5 Rb5 33. g5 hxg5 34. hxg5 Rb4+ 35. cxb4 Rd4+ 36. Ke3 Kxf5 37. a3 fxg5 38. Rf3+ Ke6 39. Rh3 Rh4 40. Rg3 g4 41. Rg1 f5 42. Rc1 Rh3+ 43. Ke2 f4 44. b5 cxb5 45. Rc5 Rh2 46. Ke1 Rh1+ 47. Ke2 b4 48. axb4 Rb1 49. Rb5 Rxb2+ 50.
Kf1 a3 51. Rxb7 a2 52. Ra7 f3 53. Kg1 Kd5 54. b5 Kc5 55. Ra8 Kxb5 0-1

[Event "Late-Titled-Tuesday-Blitz-January-23-2024"]
[Site "Chess.com"]
[Date "2024.01.23"]
[Round "11"]
[White "Kostukov_Alex"]
[Black "EsmeraldasAnderson03"]
[Result "0-1"]
[WhiteElo "2306"]
[BlackElo "2423"]
[TimeControl "180+1"]
[EndTime "16:03:06 PST"]
[Termination "EsmeraldasAnderson03 won on time"]

1. g3 d5 2. Bg2 Nf6 3. d3 h6 4. e4 Bg4 5. f3 Bh5 6. e5 Nfd7 7. Qe2 e6 8. Nh3 Bg6 9. Nf4 Bh7 10. O-O Be7 11. d4 O-O 12. c3 c5 13. Be3 Nc6 14. Qd2 cxd4 15. cxd4 Nb4 16. Na3 Rc8 17. Rfc1 Qb6 18. Ne2 Nd3 19. Rcb1 Qa6 20.
Bf1 b6 21. Nc1 Bb4 22. Qd1 Rxc1 23. Bxc1 Nxb2 24. Bxb2 Qa5 25. Nc2 Rc8 26. Bd3 Bc3 27. Bxc3 Qxc3 28. Rb3 Qc7 29. Bxh7+ Kxh7 30. Qd3+ Kg8 31.
Ne3 f6 32. exf6 Nxf6 33. Ng4 Nd7 34. Re1 Nf8 35. Rb2 h5 36. Ne5 Qe7 37. Rbe2 Qg5 38. f4 Qf6 39. Nf3 Rc4 40. Qe3 Qf5 41. Ne5 h4 42. Nxc4 hxg3 43. Ne5 g2 44. Rxg2 Qf6 45. Kh1 Ng6 46. Reg1 Nxf4 47. Rxg7+ Kf8 0-1

[Event "Late-Titled-Tuesday-Blitz-January-23-2024"]
[Site "Chess.com"]
[Date "2024.01.23"]
[Round "11"]
[White "familijatop71"]
[Black "Nf3c5"]
[Result "0-1"]
[WhiteElo "2261"]
[BlackElo "2509"]
[TimeControl "180+1"]
[EndTime "16:03:11 PST"]
[Termination "Nf3c5 won on time"]

1. e4 c5 2. c3 Qa5 3. Na3 e6 4. Nc4 Qc7 5. Nf3 Nc6 6. d4 d5 7. exd5 exd5 8. Nce5 cxd4 9. cxd4 Nf6 10. Be2 Bd6 11. Nxc6 bxc6 12. O-O O-O 13. h3 a5 14. Bd3 Ba6 15. Re1 Rfb8 16. Ne5 Bxd3 17. Qxd3 c5 18. b3 a4 19. Bf4 axb3 20. axb3 Rxa1 21. Rxa1 c4 22.
bxc4 dxc4 23. Qf3 c3 24. Ra8 c2 25. Rxb8+ Qxb8 26. Bc1 h6 27. Nc4 Bf8 28. d5 Qb1 29.
Qe3 Nxd5 30. Qd2 Nc3 31. Ne3 Qxc1+ 32. Qxc1 Ne2+ 33. Kh2 Nxc1 34. Nxc2 Nd3 35. f3 Bc5 36. g4 Kf8 37. Kg3 Ke7 38. f4 Ke6 39. Na1 Nc1 40.
Nc2 Kd5 41. h4 Kc4 42. h5 Nd3 43. g5 Kc3 44. gxh6 gxh6 45. Na1 Kb2 46. Kg4 Bd4 47. Kf5 Kxa1 48. Ke4 Nxf4 0-1

[Event "Late-Titled-Tuesday-Blitz-January-23-2024"]
[Site "Chess.com"]
[Date "2024.01.23"]
[Round "11"]
[White "Grischuk"]
[Black "Firouzja2003"]
[Result "1/2-1/2"]
[WhiteElo "3092"]
[BlackElo "3155"]
[TimeControl "180+1"]
[EndTime "16:03:13 PST"]
[Termination "Game drawn by repetition"]

1. d4 Nf6 2. Bf4 g6 3. Nd2 Nh5 4. Bg5 h6 5. Bh4 Bg7 6. e3 c5 7. c3 d6 8. Be2 cxd4 9. cxd4 Nf6 10. Ngf3 O-O 11. h3 g5 12. Bg3 Bf5 13. O-O Nbd7 14.
Rc1 a6 15. Re1 Bg6 16. Bf1 b5 17. a4 bxa4 18. Qxa4 a5 19. e4 Rb8 20. e5 dxe5 21.
dxe5 Nh5 22. Bh2 Rb4 23. Qa3 e6 24. Nc4 Nb6 25. Nxa5 Ra4 26. Qc5 Nd7 27. Nc6 Nxc5 28. Nxd8 Rxd8 29. Rxc5 Rb4 30. Rb5 Rxb5 31. Bxb5 Rb8 32.
Bc6 Rxb2 33. g4 Nf4 34. Bxf4 gxf4 35. Be4 Bf8 36. Bxg6 fxg6 37. Rc1 g5 38. h4 gxh4 39. Nxh4 Be7 40. Nf3 Kf7 41. Rc4 Bg5 42. Kg2 Rb5 43. Rc7+ Kf8 44. Rc6 Kf7 45. Rc7+ Kf8 46. Rh7 Rd5 47.
Rb7 Rc5 48. Ra7 Rd5 49. Rb7 Rc5 50. Ra7 Rd5 51. Rb7 1/2-1/2

[Event "Late-Titled-Tuesday-Blitz-January-23-2024"]
[Site "Chess.com"]
[Date "2024.01.23"]
[Round "11"]
[White "ArtemDyachuk"]
[Black "KNVB"]
[Result "0-1"]
[WhiteElo "2652"]
[BlackElo "2787"]
[TimeControl "180+1"]
[EndTime "16:03:13 PST"]
[Termination "KNVB won on time"]

1. e4 b6 2. d4 Bb7 3. Bd3 e6 4. Nf3 d5 5. exd5 Qxd5 6. O-O Nf6 7. Re1 Bd6 8. Nbd2 Qh5 9. h3 O-O 10. Ne4 Nxe4 11. Bxe4 Bxe4 12. Rxe4 Nd7 13. Bf4 Nf6 14. Bxd6 cxd6 15. Re3 Rfc8 16. c3 b5 17. a4 Nd5 18.
Re4 b4 19. cxb4 Nxb4 20. Rc1 h6 21. Rh4 Qf5 22. Qd2 Nd5 23. Rg4 Rab8 24. Kh2 Kh8 25. Rg3 g5 26. Rxc8+ Rxc8 27. Qa5 Rc7 28. Qb5 Kg7 29. Qb8 Rc1 30. Qxd6 Qb1 31. Rg4 Nf6 32.
Qe5 Kg6 33. Rxg5+ hxg5 34. Qxg5+ Kh7 35. Qxf6 Rh1+ 36. Kg3 Qg6+ 37. Ng5+ Kh6 38. Qh8+ Kxg5 39. f4+ Kf5+ 40. Kf3 Rf1+ 41. Ke3 Qg3+ 42. Kd2 Qxg2+ 43.
Kc3 Rc1+ 44. Kb3 Qd5+ 45. Kb4 a5+ 0-1

[Event "Late-Titled-Tuesday-Blitz-January-23-2024"]
[Site "Chess.com"]
[Date "2024.01.23"]
[Round "11"]
[White "pr1105"]
[Black "otrov-11"]
[Result "1-0"]
[WhiteElo "2367"]
[BlackElo "2498"]
[TimeControl "180+1"]
[EndTime "16:03:13 PST"]
[Termination "pr1105 won by resignation"]

1. e4 e6 2. d4 d5 3. Nc3 Bc5 4. dxc5 c6 5. Nf3 Nd7 6. Be3 b6 7. cxb6 axb6 8. Bd3 Ne7 9. O-O e5 10. exd5 cxd5 11. Bb5 d4 12. Bxd4 exd4 13. Qxd4 O-O 14.
Rad1 Ra7 15. Ne5 Qc7 16. Nxd7 Rd8 17. Nf6+ gxf6 18. Qxd8+ Kg7 19. Rfe1 Be6 20. Qxc7 Rxc7 21. a3 Rc5 22. Bd3 h5 23. f3 h4 24. h3 Ra5 25.
Kf2 Nc6 26. Be4 Ne5 27. Bd5 Bf5 28. Rd2 Rc5 29. Ne4 Rc7 30. c4 Ra7 31. c5 bxc5 32. Nxc5 Ra5 33. Ne4 Bd7 34. Rb1 Bb5 35. Ke3 Ba6 36. Nc3 Bc8 37. f4 Nd7 38. a4 Rc5 39.
Kd4 Rc7 40. b4 Nf8 41. a5 Ng6 42. Rf2 Ne7 43. b5 Nf5+ 44. Kd3 Ng3 45. b6 Bf5+ 46.
Kd4 Rd7 47. Rbb2 Be6 48. b7 Nf5+ 49. Kc4 Ne3+ 50. Kd4 Nxd5 51. Nxd5 Rxd5+ 52. Ke3 Rxa5 53. b8=Q Ra3+ 54. Ke2 Bf5 55. Qb5 Kg6 56. Rf3 Ra1 57. Re3 Rc1 58. Rd2 Rb1 59. Qxb1 Bxb1 60. Kf2 Bf5 61. Rd8 Kg7 62. Ree8 Bh7 63. Rh8 1-0

[Event "Late-Titled-Tuesday-Blitz-January-23-2024"]
[Site "Chess.com"]
[Date "2024.01.23"]
[Round "11"]
[White "Boninknights"]
[Black "MusicCityMaster"]
[Result "0-1"]
[WhiteElo "2378"]
[BlackElo "2480"]
[TimeControl "180+1"]
[EndTime "16:03:13 PST"]
[Termination "MusicCityMaster won on time"]

1. b3 e5 2. Bb2 Nc6 3. e3 Bd6 4. Na3 a6 5. Nc4 Qe7 6. Nxd6+ Qxd6 7. Ne2 Nf6 8. d4 e4 9. Ng3 O-O 10. d5 Ne5 11. Qd4 Re8 12. Nxe4 Nxe4 13. Qxe4 b5 14. f4 Qg6 15. Qxg6 Nxg6 16. Kf2 Bb7 17. Rd1 c6 18. c4 bxc4 19. Bxc4 cxd5 20. Bxd5 Bxd5 21. Rxd5 Rac8 22. Rhd1 Rc2+ 23. R1d2 Rec8 24. Rxd7 f6 25. a4 Rxd2+ 26. Rxd2 Rb8 27. Rd3 Kf7 28. Ba3 Nh4 29. e4 Rc8 30.
Rd2 Rc3 31. Rb2 f5 32. g3 Nf3 33. exf5 Nd4 34. Bd6 Nxf5 35. Be5 Rd3 36. b4 Ne3 37.
Ke2 Ra3 38. b5 Nc4 39. Rc2 Rxa4 40. bxa6 Nxe5 41. fxe5 Rxa6 42. Rc7+ Kg6 43. Kf3 Ra2 44. h4 h5 45. Rc6+ Kf7 46. Rc7+ Kg6 47. Rc6+ Kf5 48. Rc7 Ra3+ 49. Kg2 g6 50. Rg7 Re3 51. Re7 Kg4 52. Kf2 Re4 53. e6 Kf5 54. Re8 Kf6 55. e7 Kf7 56.
Rf8+ Kxe7 0-1

[Event "Late-Titled-Tuesday-Blitz-January-23-2024"]
[Site "Chess.com"]
[Date "2024.01.23"]
[Round "11"]
[White "ozates"]
[Black "tptagain"]
[Result "0-1"]
[WhiteElo "2650"]
[BlackElo "2948"]
[TimeControl "180+1"]
[EndTime "16:03:17 PST"]
[Termination "tptagain won by resignation"]

1. e4 c5 2. Nf3 Nc6 3. Bb5 e6 4.
O-O Nge7 5. d4 cxd4 6. Nxd4 Qb6 7. Nxc6 bxc6 8. Bd3 Ng6 9. Kh1 Be7 10. f4 O-O 11. Nc3 Ba6 12. Qf3 Bxd3 13. Qxd3 d5 14. f5 dxe4 15. Qxe4 exf5 16. Qxf5 Rad8 17. Rb1 Qa6 18.
Be3 Bb4 19. a3 Bxc3 20. bxc3 Qc4 21. Bd4 Rd5 22. Qf3 c5 23. Bg1 Rd2 24. Rb7 Ne5 25. Qf5 Qd5 26. Rf2 Rxf2 27. Bxf2 Qxb7 28. Qxe5 Qb1+ 29.
Bg1 h6 30. Qxc5 a6 31. h3 Qxc2 32. Kh2 Re8 33. Bd4 Qg6 34. Qd5 Re2 35. a4 Qe4 36. Qxe4 Rxe4 37. Kg3 f5 38. Kf3 Kf7 39. g4 g6 40. gxf5 gxf5 41. a5 h5 42. Kg3 Ke6 43. Kf3 Kd5 44. Kg3 Ke6 45. Kf3 Re1 46. Kf4 Rh1 47. Kg3 Rd1 48. Kh4 f4 49. Bb6 Kf5 50. c4 Rc1 51. c5 f3 52. Kg3 Ke4 53. Kf2 Rc2+ 54. Kf1 Kf4 55. Ba7 Kg3 56. Bb8+ Kxh3 57. Bd6 Kg4 0-1

[Event "Late-Titled-Tuesday-Blitz-January-23-2024"]
[Site "Chess.com"]
[Date "2024.01.23"]
[Round "11"]
[White "Maxfan2008"]
[Black "GoValya"]
[Result "0-1"]
[WhiteElo "2466"]
[BlackElo "2309"]
[TimeControl "180+1"]
[EndTime "16:03:18 PST"]
[Termination "GoValya won by resignation"]

1. d4 d5 2. c4 c6 3. Nc3 g6 4. e3 Bg7 5. Nf3 Nf6 6. Be2 O-O 7. O-O dxc4 8. Bxc4 b5 9. Bd3 Nbd7 10. a4 b4 11. Ne4 Bb7 12. Bd2 a5 13. Rc1 Nd5 14. Nc5 Nxc5 15. Rxc5 Ba6 16. Bxa6 Rxa6 17. Qc2 Qd7 18.
Rc1 Rc8 19. Qc4 Raa8 20. Rxc6 Nb6 21. Qb5 Rxc6 22. Rxc6 Nc8 23. Ra6 Qxb5 24. axb5 Rxa6 25. bxa6 e6 26. e4 Kf8 27. Bf4 Ke7 28. Bc7 a4 29. Ba5 b3 30. e5 Kd7 31. Nd2 Kc6 32. Ne4 Bf8 33. Bc3 Kb6 34. Ng5 Kxa6 35. Nxf7 a3 36. bxa3 Bxa3 37. Nd8 b2 38. Bxb2 Bxb2 39. Nxe6 Kb5 40.
Nf8 Bxd4 41. Nxh7 Ne7 42. e6 Kc6 43. Ng5 Kd6 44. Nf3 Bc5 45. h4 Kxe6 46. g4 Kf6 47. Kg2 Nd5 48. Nd2 Nf4+ 49. Kg3 Nd3 50. Ne4+ Ke5 51.
Nxc5 Nxc5 52. f4+ Kf6 53. g5+ Kf5 54. Kf3 Nd3 55. Ke3 Nxf4 0-1

[Event "Late-Titled-Tuesday-Blitz-January-23-2024"]
[Site "Chess.com"]
[Date "2024.01.23"]
[Round "11"]
[White "Alex_Sahakyan2006"]
[Black "DenLaz"]
[Result "1-0"]
[WhiteElo "2787"]
[BlackElo "3079"]
[TimeControl "180+1"]
[EndTime "16:03:19 PST"]
[Termination "Alex_Sahakyan2006 won by resignation"]

1. e4 c5 2. Nf3 e6 3. b3 Nc6 4. Bb2 Nf6 5. e5 Ng4 6. h3 Nh6 7. Nc3 d6 8. exd6 e5 9. Ne4 Bxd6 10. Bb5 O-O 11. Bxc6 bxc6 12. Nxd6 Qxd6 13. O-O e4 14. Ne5 Re8 15. Qh5 Ba6 16. Rfe1 f6 17. Nc4 Bxc4 18.
bxc4 Nf7 19. Qg4 Rab8 20. Bc3 Nh6 21. Qh5 Nf7 22. Re3 g6 23. Qh4 f5 24. Rae1 Qd8 25. Qf4 Qg5 26. Qc7 Rbc8 27. Qxa7 Qe7 28. Qxe7 Rxe7 29.
f3 Nd6 30. fxe4 fxe4 31. d3 Ra8 32. Ra1 Rea7 33. Be5 Nf5 34. Rxe4 Rxa2 35. Rxa2 Rxa2 36. Re2 Kf7 37. g4 Nh4 38. Kf2 g5 39. Bd6 Ng6 40. Kg3 Ra5 41. Bc7 Ra6 42. Bd8 h6 43.
Rf2+ Kg7 44. Bf6+ Kg8 45. Bc3 Nf4 46. Bd2 Ng6 47. Rf6 Kg7 48. Bc3 Kh7 49. Rf7+ Kg8 50. Rg7+ Kf8 51. Rxg6 1-0

[Event "Late-Titled-Tuesday-Blitz-January-23-2024"]
[Site "Chess.com"]
[Date "2024.01.23"]
[Round "11"]
[White "Njal28"]
[Black "Polish_fighter3000"]
[Result "0-1"]
[WhiteElo "3073"]
[BlackElo "3116"]
[TimeControl "180+1"]
[EndTime "16:03:21 PST"]
[Termination "Polish_fighter3000 won on time"]

1. d4 Nf6 2. c4 e6 3. Nc3 d5 4.
Nf3 c6 5. Bg5 Nbd7 6. e3 Qa5 7.
Nd2 Bb4 8. Rc1 Ne4 9. Ndxe4 dxe4 10. Bh4 Qxa2 11. Qc2 Nb6 12. Be2 Na4 13. O-O Bxc3 14. bxc3 Nxc3 15. Qxc3 Qxe2 16. Qa3 f6 17. f3 c5 18.
fxe4 O-O 19. Bf2 b6 20. dxc5 Bb7 21. cxb6 Qg4 22. Qd6 Qxe4 23. Qg3 axb6 24. c5 Ra5 25. Rfd1 Kh8 26. Rd7 Rg8 27. Rc7 bxc5 28. R7xc5 Rxc5 29. Rxc5 Rd8 30. Rc1 h6 31. h3 Ra8 32. Rc7 Rg8 33.
Rc1 Bd5 34. Rc7 Kh7 35. Kh2 h5 36. Be1 Qg6 37. Bf2 Ra8 38. Qxg6+ Kxg6 39. Rc2 Ra4 40. Rd2 Rc4 41. Bg3 Kf5 42. Bf2 g5 43. Kg1 h4 44.
Kh2 Rc1 45. Re2 Be4 46. Rb2 e5 47. Re2 Rf1 48. Rd2 Kg6 49. Re2 Kh5 50. Rd2 f5 51. Rb2 g4 52. hxg4+ fxg4 53. Bg1 g3+ 54. Kh1 h3 0-1

[Event "Late-Titled-Tuesday-Blitz-January-23-2024"]
[Site "Chess.com"]
[Date "2024.01.23"]
[Round "11"]
[White "yaguigor"]
[Black "Herman-NY"]
[Result "1-0"]
[WhiteElo "2624"]
[BlackElo "2484"]
[TimeControl "180+1"]
[EndTime "16:03:23 PST"]
[Termination "yaguigor won by resignation"]

1. d4 Nf6 2. c4 g6 3. Nc3 Bg7 4. e4 d6 5. Be2 O-O 6. Nf3 Nbd7 7. e5 dxe5 8. dxe5 Ng4 9. e6 fxe6 10. O-O Nc5 11. h3 Ne5 12. Nxe5 Bxe5 13. Bh6 Re8 14. Qc2 Qd4 15. Be3 Qd6 16. Rad1 Qc6 17. Bf3 Qb6 18.
Na4 Nxa4 19. Bxb6 Nxb6 20. Rfe1 Bf6 21. c5 Nd5 22. c6 Rb8 23. b3 Rd8 24. Bg4 Rd6 25.
Re4 bxc6 26. Rde1 Kf7 27. Qc1 Rb4 28. Qh6 Rxe4 29. Rxe4 Bg7 30. Qc1 Nc3 31. Re3 Nd5 32.
Rf3+ Kg8 33. Rd3 Ba6 34. Rd1 Kf7 35. g3 h5 36. Bf3 Bc8 37. Qg5 Bd7 38. Be4 Nf6 39.
Bxg6+ Kf8 40. Bxh5 Rxd1+ 41. Bxd1 Nd5 42. h4 Be8 43. h5 Bf6 44. Qd2 Bf7 45. Kg2 Nc3 46.
Bf3 Nd5 47. Qa5 e5 48. Qxa7 Kg7 49. Qc5 e4 50. Bxe4 Bxh5 51. Bxd5 cxd5 52. Qxd5 Bf7 53. Qf3 Be5 54. a4 Bd4 55. Qg4+ 1-0

[Event "Late-Titled-Tuesday-Blitz-January-23-2024"]
[Site "Chess.com"]
[Date "2024.01.23"]
[Round "11"]
[White "Kaslask"]
[Black "falzehope0"]
[Result "0-1"]
[WhiteElo "2297"]
[BlackElo "2411"]
[TimeControl "180+1"]
[EndTime "16:03:27 PST"]
[Termination "falzehope0 won on time"]

1. c4 e6 2. Nc3 d5 3. d4 f5 4. e3 c6 5. f4 Nf6 6. Nf3 Bd6 7. Ne5 O-O 8. Be2 Nbd7 9. O-O Qe7 10. b3 Bb4 11. Bb2 Kh8 12. Qc2 Rg8 13. Bd3 g5 14.
cxd5 Nxd5 15. Nxd5 cxd5 16. Rac1 gxf4 17. exf4 Nxe5 18.
dxe5 Bd7 19. Bd4 Rg4 20. Bc5 Bxc5+ 21. Qxc5 Qg7 22. Qf2 Bc6 23. Be2 Rg6 24. Bf3 Rg8 25.
Rfd1 Qh6 26. Qd2 d4 27. Rf1 Rxg2+ 28. Bxg2 Rxg2+ 29. Qxg2 Bxg2 30. Kxg2 Qh5 31. Kh1 Kg7 32. Rcd1 Qe2 33. Rg1+ Kf7 34. Rxd4 Qf3+ 35. Rg2 Qf1+ 36. Rg1 Qf3+ 37. Rg2 Ke7 38. Rc4 Kd7 39. Rd4+ Kc6 40.
Rc4+ Kb6 41. h3 Qxh3+ 42. Kg1 Qe3+ 43. Kh2 h5 44. Rg3 Qf2+ 45. Rg2 Qh4+ 46. Kg1 Qe1+ 47. Kh2 h4 48. a4 Ka6 49. b4 Qe3 50. Rcc2 Qxf4+ 51. Kh3 Qxe5 52. Rce2 Qf4 53. Rxe6+ b6 54. Rh6 Qxh6 55.
Rf2 Qg5 0-1

[Event "Late-Titled-Tuesday-Blitz-January-23-2024"]
[Site "Chess.com"]
[Date "2024.01.23"]
[Round "11"]
[White "Statham_01"]
[Black "krzyzan94"]
[Result "0-1"]
[WhiteElo "2565"]
[BlackElo "2770"]
[TimeControl "180+1"]
[EndTime "16:03:29 PST"]
[Termination "krzyzan94 won by checkmate"]

1. e4 e5 2. Nf3 Nc6 3. c3 Qe7 4. Bb5 d6 5. d4 Bd7 6. O-O Nf6 7. Bg5 h6 8. Bxf6 Qxf6 9. Na3 Be7 10. dxe5 dxe5 11.
Nc4 Rd8 12. Qe2 Bd6 13. Rad1 O-O 14. Nxd6 cxd6 15. Nd2 Be6 16. Nc4 Qg6 17. f3 Bxc4 18. Bxc4 Kh8 19. Bd5 f5 20. Qb5 Ne7 21. Qxb7 Nxd5 22.
Qxd5 Qf6 23. b3 Rd7 24. c4 Rfd8 25. exf5 Qxf5 26. Qe4 Qg5 27. Rd5 Rf8 28. Qg4 Qe3+ 29. Kh1 Rdf7 30. Rxd6 e4 31. Re6 Qd3 32. Rg1 exf3 33.
gxf3 Qc3 34. f4 Rxf4 35. Qg3 Rf3 36. Qg4 Rf1 37. Re2 Rxg1+ 38. Kxg1 Qc1+ 39. Kg2 Qf1+ 40. Kg3 Qg1+ 41. Kh3 Qf1+ 42. Rg2 Rf3+ 43. Kh4 Rf7 44. Qc8+ Kh7 45. Qg4 g5+ 46. Kh5 Qe1 47. Rg3 Rf4 48. Qd7+ Kg8 49. Kg6 Qe4+ 50. Kxh6 Rh4+ 51. Kxg5 Qf4+ 52. Kg6 Rh6# 0-1

[Event "Late-Titled-Tuesday-Blitz-January-23-2024"]
[Site "Chess.com"]
[Date "2024.01.23"]
[Round "11"]
[White "GMG"]
[Black "Fandorine"]
[Result "1-0"]
[WhiteElo "2808"]
[BlackElo "2970"]
[TimeControl "180+1"]
[EndTime "16:03:30 PST"]
[Termination "GMG won on time"]

1. Nf3 Nf6 2. c4 g6 3. d4 Bg7 4.
g3 O-O 5. Bg2 d6 6. O-O c5 7.
Nc3 Nc6 8. d5 Na5 9. Nd2 a6 10.
Rb1 b5 11. cxb5 axb5 12. Nxb5 Qb6 13. Nc3 Bf5 14. e4 Bc8 15. b3 Ba6 16. Re1 Bd3 17. Ra1 Ng4 18. Na4 Qa7 19. Bb2 Nxf2 20. Kxf2 c4+ 21.
Kf3 f5 22. e5 g5 23. Bf1 Be4+ 24. Nxe4 fxe4+ 25. Kg4 Qf2 26. Kh3 Rf3 27. Rxe4 h5 28. Qe2 g4+ 29. Kh4 Raf8 30. Kxh5 Qg1 31. Rxg4 Rf2 32.
Rxg7+ Kh8 33. e6 Qxh2+ 34. Kg4 Rxe2 35. Rf7+ Rxb2 36. Rxf8+ Kg7 37. Rf7+ Kg8 38. Nxb2 Qxb2 39. Re1 Qd4+ 40. Kh3 Qxd5 41. Kh2 Qd2+ 42. Re2 Qh6+ 43. Bh3 Nc6 44. bxc4 Ne5 45. Rf4 Qh5 46. Ref2 Kg7 47. Kg2 Qh7 48. Bf5 Qh6 49. a4 Qh8 50. a5 Qa8+ 51. Be4 Qxa5 52. Bd5 Qa8 53. Bxa8 1-0